 Seeded DCSS version 0.30.1-4-g462c640d31 (webtiles) character file.

Game seed: 6351066067085065685 (custom seed)

3005 Esekla the Thaumaturge (level 9, -8/45 HPs)
             Began as a Deep Elf Necromancer on Sept 1, 2023.
             Was a Priest of Vehumet.
             Mangled by an orc knight
             ... wielding a +0 glaive
              (27 damage)
             ... in a bailey.
             The game lasted 00:37:09 (6066 turns).

Esekla the Thaumaturge (Deep Elf Necromancer)       Turns: 6066, Time: 00:37:09

Health: -8/45      AC:  5    Str:  5    XL:     9   Next: 54%
Magic:  20/25      EV: 15    Int: 25    God:    Vehumet [***...]
Gold:   397        SH:  0    Dex: 18    Spells: 18/28 levels left

rFire   . . .        s - +5 rapier of the Hero {heavy, rN+ Dex+3}
rCold   . . .        (no shield)
rNeg    + . .        l - +0 robe
rPois   .            j - +0 helmet
rElec   .            G - +0 cloak
rCorr   .            E - +0 pair of gloves
SInv    .            (no boots)
Will    .....        v - amulet of magic regeneration
Stlth   +++          (no ring)
HPRegen 0.27/turn    (no ring)
MPRegen 0.59/turn

%: no passive effects
@: no status effects
A: no striking features
a: Renounce Religion


You were in a bailey.
You worshipped Vehumet.
Vehumet was most pleased with you.
You visited 1 branch of the dungeon, and saw 9 of its levels.
You also visited: Bailey.

You collected 397 gold pieces.

Inventory:

Hand Weapons
 a - a +2 vampiric dagger
 c - a +0 scimitar
 r - a +0 trident
 s - the +5 rapier of the Hero (weapon) {heavy, rN+ Dex+3}
   (You found it on level 3 of the Dungeon)

   Dex:       It affects your dexterity (+3).
   rN:        It protects you from negative energy.
 I - the +2 bardiche of Puhoisos {heavy, rElec Stlth+}
   (You found it in a bailey)

   rElec:     It insulates you from electricity.
   Stlth:     It makes you more stealthy.
Missiles
 t - 18 poisoned darts (quivered)
 B - a throwing net
Armour
 j - a +0 helmet (worn)
 l - a +0 robe (worn)
 E - a +0 pair of gloves (worn)
 G - a +0 cloak (worn)
Jewellery
 v - an amulet of magic regeneration (around neck)
Wands
 h - a wand of roots (11)
 z - a wand of flame (15)
Scrolls
 f - 8 scrolls of identify {unknown}
 g - 2 scrolls of blinking {unknown}
 m - a scroll of enchant armour {unknown}
 n - 2 scrolls of amnesia {unknown}
 o - a scroll of immolation {unknown}
 q - 2 scrolls of fog {unknown}
 u - 3 scrolls of enchant weapon {unknown}
 x - a scroll of magic mapping {unknown}
 y - 2 scrolls of fear
 C - a scroll of silence {unknown}
 D - a scroll of summoning {unknown}
 F - a scroll of teleportation {unknown}
Potions
 b - a potion of magic
 d - 3 potions of ambrosia {unknown}
 e - 3 potions of attraction {unknown}
 i - 7 potions of curing {unknown}
 k - a potion of mutation {unknown}
 p - 3 potions of brilliance {unknown}
 w - a potion of lignification {unknown}
 A - a potion of heal wounds


   Skills:
 + Level 3.6(3.7) Short Blades
 + Level 0.5(2.1) Long Blades
 + Level 1.3 Throwing
 * Level 6.3 Dodging
 + Level 4.9 Stealth
 * Level 10.0 Spellcasting
 * Level 9.6 Necromancy
 * Level 4.8 Translocations
 + Level 0.3 Evocations


You had 18 spell levels left.
You knew the following spells:

 Your Spells              Type           Power      Damage    Failure   Level
a - Necrotise             Necr           100%       1d9       1%          1
b - Freeze                Ice            48%        1d6       1%          1
c - Momentum Strike       Conj/Tloc      48%        3d9       1%          2
d - Vampiric Draining     Necr           57%        2d10      1%          3
t - Teleport Other        Tloc           36%        N/A       1%          3

Your spell library contained the following spells:

 Spells                   Type           Power      Damage    Failure   Level
 Hailstorm                Conj/Ice       12%        3d5       4%          3
 Lesser Beckoning         Tloc           72%        N/A       1%          2
 Gell's Gravitas          Tloc           36%        N/A       1%          3
 Animate Dead             Necr           57%        N/A       1%          4
 Agony                    Necr           57%        N/A       2%          5
 Spider Form              Tmut/Pois      12%        N/A       14%         3
 Cause Fear               Hex            6%         N/A       43%         4
 Summon Mana Viper        Hex/Summ       12%        N/A       80%         5


Dungeon Overview and Level Annotations

Branches:
Dungeon (9/15)             Temple (0/1) D:6          Bailey (1/1)
   Lair: D:8-11         Orc: D:9-12

Altars:
Dithmenos
Fedhas
Hepliaklqana
Okawaru
Qazlal
Trog
Vehumet
Zin
The Shining One

Shops:
D:2 =   D:4 (


Message History

You throw a poisoned dart. The poisoned dart hits the orc knight.
The orc knight is poisoned.
The orc knight is moderately wounded.
The grasping roots constrict the orc knight, but do no damage.
The roots release their grip on the orc knight.
Aiming: Fastroot
Press: ? - help, Shift-Dir - straight line, f/p - orc knight
Aim: an orc knight, wielding a +0 glaive and wearing a +0 plate armour (moderately wounded, poisoned)
The roots erupt in riotous growth!
Roots grab the orc knight.
The grasping roots constrict the orc knight.
The orc knight struggles to escape constriction.
The grasping roots constrict the orc knight.
The orc knight looks more healthy.
The roots release their grip on the orc knight.
Throw: 19 darts (poison)
Press: ? - help, Q - select action, (/) - cycle Shift-Dir - straight line, f/p - orc knight
Aim: an orc knight, wielding a +0 glaive and wearing a +0 plate armour (moderately wounded, 60% to hit)
You throw a poisoned dart. The poisoned dart hits the orc knight.
The orc knight is poisoned.
The orc knight is moderately wounded.
The orc knight hits you with a +0 glaive!
Casting: Vampiric Draining (safe; 1% risk of failure)
Confirm with . or Enter, or press ? or * to list all spells.
Aiming: Vampiric Draining (safe; 1% risk of failure)
Press: ? - help, Shift-Dir - straight line, f/p - orc knight
Aim: an orc knight, wielding a +0 glaive and wearing a +0 plate armour (moderately wounded, poisoned)
You draw life force from the orc knight!
You feel life coursing into your body.
The orc knight hits you with a +0 glaive!
Casting: Vampiric Draining (safe; 1% risk of failure)
Confirm with . or Enter, or press ? or * to list all spells.
Aiming: Vampiric Draining (safe; 1% risk of failure)
Press: ? - help, Shift-Dir - straight line, f/p - orc knight
Aim: an orc knight, wielding a +0 glaive and wearing a +0 plate armour (heavily wounded, poisoned)
You draw life force from the orc knight.
You feel life coursing into your body.
The orc knight hits you with a +0 glaive!!
Ouch! That really hurt!
You die...

..........##.###.8.###.##........
..........##.')#.o.#)'.##........
..........##.####'####(##........
........)..#..##o.∩##..##........
...........##..#'''##..).........
............##.....##o...........
....≈≈.≈≈≈...##....##....≈≈≈.≈≈..
...≈≈#.##≈....#######....≈##.#≈≈.
...≈##.∩#≈......@o(......≈#∩)##≈.
...≈#..)).....................#≈.
...≈##.##≈...............≈##.##≈.
...≈≈###≈≈...............≈≈###≈≈.
....≈≈≈≈≈.................≈≈≈≈≈..
.................................
.................................
.................................
.................................


You could see an orc knight (poisoned).

Vanquished Creatures
  Pikel (D:6)
  An orc knight (Bailey)
  An ice beast (D:6)
  A sky beast (D:6)
  7 orc warriors (Bailey)
  2 black bears
  An ogre (D:5)
  A lemure (D:6)
  Blork the orc (D:6)
  A kobold brigand (D:6)
  2 scorpions (D:5)
  A gnoll bouda (D:5)
  5 hounds
  A jelly (D:6)
  Crazy Yiuf (D:7)
  A sleepcap (D:5)
  5 iguanas
  An orc wizard (D:8)
  12 gnolls
  9 adders
  A shadow imp (D:8)
  4 white imps
  2 ufetubi
  A worm (D:4)
  3 dart slugs
  29 orcs
  4 endoplasms
  9 goblins
  7 hobgoblins
  A quokka (D:1)
  6 ball pythons
  4 bats
  4 frilled lizards
  12 kobolds
  A rat (D:1)
143 creatures vanquished.

Notes
Turn   | Place    | Note
-------+----------+-------------------------------------------
     0 | D:1      | Esekla the Deep Elf Necromancer began the quest for the
                  | Orb.
     0 | D:1      | Reached XP level 1. HP: 10/10 MP: 6/6
   378 | D:2      | Found Renulab's Jewellery Shop.
   558 | D:4      | Found a radiant altar of Vehumet.
   569 | D:4      | Found an iron altar of Okawaru.
   581 | D:4      | Found a glowing silver altar of Zin.
   666 | D:4      | Became a worshipper of Vehumet
   758 | D:3      | Reached skill level 5 in Necromancy
   870 | D:3      | Found a stormy altar of Qazlal.
   893 | D:3      | Reached XP level 2. HP: 13/15 MP: 8/8
  1285 | D:3      | Identified the +5 rapier of the Hero {heavy, rN+ Dex+3}
  1345 | D:2      | Reached XP level 3. HP: 12/19 MP: 9/9
  1349 | D:2      | Learned a level 3 spell: Vampiric Draining
  1492 | D:1      | Reached * piety under Vehumet
  1492 | D:1      | Offered knowledge of Freeze by Vehumet.
  1495 | D:1      | Learned a level 1 spell: Freeze
  1545 | D:1      | Learned a level 3 spell: Teleport Other
  1597 | D:2      | Noticed a black bear
  1636 | D:1      | Reached skill level 1 in Short Blades
  1857 | D:2      | Reached XP level 4. HP: 8/24 MP: 4/11
  1875 | D:2      | Found a faded altar of an unknown god.
  1978 | D:2      | Killed a black bear
  1979 | D:2      | Reached skill level 4 in Spellcasting
  1979 | D:2      | Reached skill level 1 in Translocations
  1979 | D:2      | Reached XP level 5. HP: 19/28 MP: 2/13
  2423 | D:3      | Found a bloodstained altar of Trog.
  2443 | D:3      | Found a hazy altar of Hepliaklqana.
  2591 | D:4      | Found Ponaysk's Antique Weapon Boutique.
  2643 | D:5      | Entered Level 5 of the Dungeon
  2652 | D:5      | Reached XP level 6. HP: 26/32 MP: 10/14
  2709 | D:5      | Found a shadowy altar of Dithmenos.
  2769 | D:5      | Got the Parchment of the Lumpy Olives
  2799 | D:5      | Reached skill level 5 in Spellcasting
  2939 | D:3      | Reached ** piety under Vehumet
  3034 | D:4      | Offered knowledge of Momentum Strike by Vehumet.
  3101 | D:5      | Reached XP level 7. HP: 17/36 MP: 3/17
  3174 | D:5      | Learned a level 2 spell: Momentum Strike
  3317 | D:5      | Reached skill level 6 in Spellcasting
  3750 | D:6      | Noticed Blork the orc
  4110 | D:4      | Reached XP level 8. HP: 41/41 MP: 20/20
  4170 | D:4      | Found a glowing golden altar of the Shining One.
  4351 | D:6      | Found a staircase to the Ecumenical Temple.
  4355 | D:6      | Noticed Pikel
  4360 | D:6      | Killed Pikel
  4361 | D:6      | Reached skill level 5 in Dodging
  4361 | D:6      | Reached skill level 8 in Spellcasting
  4583 | D:6      | Killed Blork the orc
  4762 | D:7      | Found a runed translucent door.
  4763 | D:7      | Noticed Crazy Yiuf
  4768 | D:7      | Killed Crazy Yiuf
  4980 | D:6      | Found a blossoming altar of Fedhas.
  5304 | D:8      | Offered knowledge of Hailstorm by Vehumet.
  5480 | D:9      | Found a flagged portal.
  5505 | Bailey   | Entered a bailey
  5522 | Bailey   | Reached XP level 9. HP: 45/45 MP: 17/23
  5580 | Bailey   | Reached skill level 9 in Spellcasting
  5635 | Bailey   | Reached *** piety under Vehumet
  5668 | Bailey   | Identified the +2 bardiche of Puhoisos {heavy, rElec
                  | Stlth+}
  5831 | Bailey   | Noticed an orc knight
  5831 | Bailey   | Noticed an orc knight
  5901 | Bailey   | Killed an orc knight
  5902 | Bailey   | Reached skill level 1 in Throwing
  5970 | Bailey   | Reached skill level 10 in Spellcasting
  6066 | Bailey   | Mangled by an orc knight

Illustrated notes

Levels and vault maps discovered:
D:1:      sevenhm_arrival_forest_fort_small_3, layout_rooms,
          chequers_serial_rivers_room_b, minmay_misc_feat_five
D:2:      layout_loops_ring, dreamdust_ecumenical_altar_angels_and_demons,
          serial_shops, shop
D:3:      layout_basic, grunt_temple_overflow_open, minmay_misc_feat_iff
D:4:      layout_basic, nicolae_overflow_quartered_altars, serial_shops,
          nicolae_diamond_shop
D:5:      layout_loops_ring, lemuel_doored_altar, minmay_misc_feat_rows,
          dreamdust_wishing_well
D:6:      layout_loops_cross, fedhas_altar_fruit_tree,
          minmay_temple_entry_glass, uniq_pikel, uniq_blork_the_orc
D:7:      layout_basic, uniq_menkaure, uniq_joseph, uniq_crazy_yiuf_cottage
D:8:      layout_basic, nicolae_uskayaw_dance_hall, serial_demonic,
          serial_demonic_d, serial_demonic_a, serial_demonic_c,
          serial_demonic_c, nicolae_diode_quadrants
D:9:      layout_irregular_city, kennysheep_little_box, enter_bailey_4,
          minmay_between, uniq_harold
Bailey:   bailey_polearm_2, bailey

Skill      XL: |  1  2  3  4  5  6  7  8  9 |
---------------+----------------------------+-----
Necromancy     | 5 6 7 8 9 |  9.6
Dodging        | 3 4 5 6 |  6.3
Short Blades   | 1 2 3 |  3.6
Stealth        | 3 4 |  4.9
Spellcasting   | 4 5 6 8 10 | 10.0
Translocations | 1 2 3 4 |  4.8
Throwing       | 1 |  1.3
Long Blades    | |  0.5
Evocations     | |  0.3

Action                     |  1- 3 |  4- 6 |  7- 9 || total
---------------------------+-------+-------+-------++-------
  Melee: Short sword       |   106 |    59 |       ||   165
         Unarmed           |     9 |       |       ||     9
         Punch             |     2 |     1 |     3 ||     6
         Dagger            |       |    31 |   122 ||   153
         Rapier            |       |       |    74 ||    74
         Scimitar          |       |       |     7 ||     7
  Throw: Dart              |       |    11 |    32 ||    43
   Cast: Vampiric Draining |     6 |    27 |    56 ||    89
         Teleport Other    |       |       |     5 ||     5
  Evoke: Wand              |     1 |       |    10 ||    11
    Use: Scroll            |     1 |       |       ||     1
         Potion            |     1 |       |     1 ||     2
   Stab: Sleeping          |     4 |     4 |    10 ||    18
         Distracted        |     1 |       |     1 ||     2
 Armour: Robe              |    34 |    18 |    57 ||   109
  Dodge: Dodged            |    87 |    63 |   208 ||   358
